 Dungeon Crawl Stone Soup version 0.32-a0-666-ge8a88695a4 (webtiles) character file.

Game seed: 8083632203985728074

67 adelrune the Chopper (level 4, -1/35 HPs)
             Began as a Demonspawn Monk on Mar 9, 2024.
             Slain by Natasha (4 damage)
             ... on level 2 of the Dungeon.
             The game lasted 00:05:40 (2261 turns).

adelrune the Chopper (Demonspawn Monk)              Turns: 2261, Time: 00:05:40

Health: -1/35      AC:  5    Str: 14    XL:     4   Next: 0%
Magic:  4/4        EV:  9    Int: 10    God:
Gold:   153        SH: 11    Dex: 15    Spells: 3/3 levels left

rFire   . . .        a - +0 hand axe
rCold   . . .        s - +0 kite shield
rNeg    . . .        n - +0 ring mail
rPois   .            (no helmet)
rElec   .            (no cloak)
rCorr   .            (no gloves)
SInv    .            (no boots)
Will    .....        (no amulet)
Stlth   +            e - ring of wizardry
HPRegen 0.25/turn    (no ring)
MPRegen 0.09/turn

%: wizardry (x1)
@: no status effects
A: condensation shield, demonic touch 2
a: no special abilities


You were on level 2 of the Dungeon.
You visited 1 branch of the dungeon, and saw 3 of its levels.

You collected 153 gold pieces.

Inventory:

Hand Weapons
 a - a +0 hand axe (weapon)
Armour
 d - an orb of light
 n - a +0 ring mail (worn)
 s - a +0 kite shield (worn)
Jewellery
 e - a ring of wizardry (left hand)
 p - a ring of protection from fire
Scrolls
 f - 3 scrolls of teleportation {unknown}
 g - a scroll of silence {unknown}
 i - 2 scrolls of immolation {unknown}
 k - 4 scrolls of enchant armour {unknown}
 l - 5 scrolls of identify {unknown}
 m - a scroll of vulnerability {unknown}
 r - a scroll of blinking {unknown}
 t - a scroll of amnesia {unknown}
Potions
 b - a potion of cancellation {unknown}
 c - 2 potions of ambrosia
 h - 2 potions of degeneration {unknown}
 j - 3 potions of curing {unknown}
 o - 2 potions of heal wounds {unknown}
 q - 2 potions of haste {unknown}


   Skills:
 + Level 3.5 Fighting
 * Level 3.6 Axes
 + Level 1.3 Armour
 + Level 2.7 Dodging


You had 3 spell levels left.
You didn't know any spells.
Your spell library contained the following spells:

 Spells                   Type           Power      Damage    Failure   Level
 Summon Small Mammal      Summ           0%         N/A       71%         1
 Call Canine Familiar     Summ           0%         N/A       96%         3
 Summon Blazeheart Golem  Fire/Summ      0%         N/A       100%        4


Dungeon Overview and Level Annotations

Branches:
Dungeon (3/15)

Altars:

Annotations:
D:2 Natasha


Innate Abilities, Weirdness & Mutations

A meltable shield of frost defends you. (SH +4)
Your touch may inflict irresistible damage on your foes.


Message History

Natasha is moderately wounded.
You hit the cerulean imp but do no damage.
Natasha stares at you and mumbles some strange words.
The magic dart hits you.
* * * LOW HITPOINT WARNING * * *
You block the cerulean imp's attack.
Natasha stares at you and mumbles some strange words.
You resist with some effort.
You hit Natasha but do no damage.
Natasha is moderately wounded.
You hit the cerulean imp. You block the cerulean imp's attack.
Natasha claws you.
* * * LOW HITPOINT WARNING * * *
You block the cerulean imp's attack.
Natasha casts a spell.
You block the cerulean imp's attack.
There is a stone staircase leading up here.
Natasha misses you.
The cerulean imp hits you from afar with a +1 spear.
* * * LOW HITPOINT WARNING * * *
You block the cerulean imp's attack.
You climb upwards.
The cerulean imp disappears in a puff of smoke! x2
There is a stone staircase leading down here.
You hit Natasha.
Natasha is severely wounded.
You block Natasha's attack.
You hit Natasha but do no damage.
Natasha is severely wounded.
Natasha claws you.
* * * LOW HITPOINT WARNING * * *
Natasha claws you but does no damage.
You hit Natasha.
Natasha is severely wounded.
You block Natasha's attack.
You closely miss Natasha.
Natasha is severely wounded.
Natasha claws you.
You die...
Natasha curls up and begins to purr.

####...........†.#
##...(#########.###
.........>#####.#
#########.....#.#####
#####...##..#
##......#
##############.....##
#.........)....)....#
..###########(.#@...#
.## ##....h...# ##
###....#....# #
#######....########
###^......##.#
....#####.##[#
.............#
#.)######..###
.......##...##


You could see Natasha.

Vanquished Creatures
  2 adders
  A dart slug (D:2)
  A ribbon worm (D:2)
  3 orcs (D:3)
  4 ball pythons (D:2)
  3 endoplasms
  3 giant cockroaches
  7 goblins
  A hobgoblin (D:2)
  A quokka (D:2)
  3 bats (D:2)
  5 kobolds
  8 rats
42 creatures vanquished.

Notes
Turn   | Place    | Note
-------+----------+-------------------------------------------
     0 | D:1      | adelrune the Demonspawn Monk began the quest for the Orb.
     0 | D:1      | Reached XP level 1. HP: 18/18 MP: 1/1
   368 | D:1      | Gained mutation: A meltable shield of frost defends you.
                  | (SH +4) [demonic ancestry]
   368 | D:1      | Reached XP level 2. HP: 21/24 MP: 2/2
  1133 | D:2      | Upgraded the game from 0.32-a0-656-g3542139ebd to
                  | 0.32-a0-666-ge8a88695a4
  1224 | D:2      | Reached skill level 1 in Armour
  1224 | D:2      | Gained mutation: Your touch may inflict minor irresistible
                  | damage on your foes. [demonic ancestry]
  1224 | D:2      | Reached XP level 3. HP: 29/29 MP: 3/3
  2134 | D:3      | Noticed Natasha
  2237 | D:2      | Gained mutation: Your touch may inflict irresistible damage
                  | on your foes. [demonic ancestry]
  2237 | D:2      | Reached XP level 4. HP: 32/35 MP: 4/4
  2261 | D:2      | Slain by Natasha

Illustrated notes

Levels and vault maps discovered:
D:1:      nicolae_arrival_somewhat_less_tricky_arrival, layout_basic,
          minmay_hexomino_r4
D:2:      layout_rooms
D:3:      layout_basic, gammafunk_ghost_grave, chequers_serial_rivers_marsh,
          uniq_natasha, uniq_terence

Skill      XL: |  1  2 |
---------------+-------+-----
Axes           | 3 |  3.6
Armour         | 1 |  1.3
Fighting       | |  3.5
Dodging        | |  2.7

Action                     |  1- 3 |  4- 6 || total
---------------------------+-------+-------++-------
  Melee: Hand axe          |   132 |    18 ||   150
 Armour: Robe              |     8 |       ||     8
         Ring mail         |   110 |    18 ||   128
  Dodge: Dodged            |   103 |     4 ||   107
  Block: Kite shield       |    65 |    17 ||    82

Table legend: (Time is in decaauts)
 A = Elapsed time spent in this place.
 B = Non-inter-level travel time spent in this place.
 C = Inter-level travel time spent in this place.
 D = Time resting spent in this place.
 E = Time spent auto-exploring this place.
 F = Levels seen in this place.
 G = Mean time per level.
                   A        B        C        D        E       F      G
               +--------+--------+--------+--------+--------+-----+--------+
         Total |   2295 |   2243 |     52 |    167 |   1573 |   3 |  765.0 |
       Dungeon |   2295 |   2243 |     52 |    167 |   1573 |   3 |  765.0 |
               +--------+--------+--------+--------+--------+-----+--------+

Top non-repeatable levels by time:
     D:1: 1035 daAuts
     D:3: 647 daAuts
     D:2: 612 daAuts
